 Dungeon Crawl Stone Soup version 0.29-a0-813-g4a14ea3 (webtiles) character file.

Game seed: 17694325569387940646

105413 PurpleRed the Sorcerer (level 15, 0/80 HPs)
             Began as a Deep Elf Brigand on July 3, 2022.
             Was a High Priest of Vehumet.
             Killed from afar by a deep elf sorcerer (38 damage)
             ... with damnation
             ... on level 3 of the Elven Halls on July 4, 2022.
             The game lasted 02:53:41 (11452 turns).

PurpleRed the Sorcerer (Deep Elf Brigand)          Turns: 11452, Time: 02:53:42

Health: 0/80       AC: 11    Str:  8    XL:     15   Next: 94%
Magic:  39/51      EV: 15    Int: 27    God:    Vehumet [*****.]
Gold:   881        SH:  0    Dex: 18    Spells: 20/56 levels left

rFire   + . .      SeeInvis .   a - staff of fire
rCold   + + .      Faith    .   (no shield)
rNeg    . . .      Spirit   .   j - +2 robe "Efam" {Fly rC+ Slay+2}
rPois   .          Reflect  .   R - +0 helmet
rElec   +          Harm     .   y - +2 cloak
rCorr   .          Rampage  .   H - +0 pair of gloves
Will    +....                   L - +1 pair of boots
Stlth   +++.......              S - amulet of regeneration
HPRegen 1.03/turn               Z - ring of magical power
MPRegen 0.32/turn               D - ring "Belioc" {Contam rElec rC+ Int+3 Dex+2}

@: brilliant, flying, very slightly contaminated, unable to drink
A: no striking features
a: Renounce Religion


You were on level 3 of the Elven Halls.
You worshipped Vehumet.
Vehumet was extremely pleased with you.
You visited 5 branches of the dungeon, and saw 24 of its levels.

You collected 1687 gold pieces.
You spent 806 gold pieces at shops.

Inventory:

Hand Weapons
 b - the +7 short sword "Sepruoq" {drain, rPois rF+ Stlth+}
   (You found it on level 10 of the Dungeon)

   A truly terrible weapon, it drains the life of any living foe it strikes.
   rF:        It protects you from fire.
   rPois:     It protects you from poison.
   Stlth:     It makes you more stealthy.
 c - a +0 glaive
 O - a +9 short sword of speed
Missiles
 t - 5 throwing nets (quivered)
 B - 23 javelins
Armour
 j - the +2 robe "Efam" (worn) {Fly rC+ Slay+2}
   (You found it on level 4 of the Lair of Beasts)

   Slay:      It affects your accuracy & damage with ranged weapons and melee
   (+2).
   rC:        It protects you from cold.
   Fly:       It grants you flight.
 y - a +2 cloak (worn)
 H - a +0 pair of gloves (worn)
 L - a +1 pair of boots (worn)
 R - a +0 helmet (worn)
 V - the +2 ring mail of Ikkicham {Fly rC+}
   (You found it on level 1 of the Lair of Beasts)

   rC:        It protects you from cold.
   Fly:       It grants you flight.
Magical Staves
 a - a staff of fire (weapon)
 r - a staff of death
Jewellery
 e - a +6 ring of intelligence
 u - a ring of resist corrosion
 D - the ring "Belioc" (right hand) {Contam rElec rC+ Int+3 Dex+2}
   (You took it off a deep elf pyromancer on level 1 of the Elven Halls)

   [ring of protection from cold]

   Int:       It affects your intelligence (+3).
   Dex:       It affects your dexterity (+2).
   rC:        It protects you from cold.
   rElec:     It insulates you from electricity.
   Contam:    It causes magical contamination when unequipped.
 N - a +4 ring of evasion
 S - an amulet of regeneration (around neck)
 T - a ring of willpower
 U - a ring of fire
 Y - a ring of protection from fire
 Z - a ring of magical power (left hand)
Wands
 k - a wand of iceblast (9)
 l - a wand of flame (12)
 z - a wand of roots (6)
 E - a wand of digging (6)
 J - a wand of quicksilver (4)
 Q - a wand of charming (10)
Scrolls
 d - 4 scrolls of identify
 f - 2 scrolls of magic mapping
 g - 2 scrolls of fog
 h - 3 scrolls of immolation
 m - 2 scrolls of poison
 n - a scroll of amnesia
 q - 4 scrolls of teleportation
 x - a scroll of fear
 C - 5 scrolls of blinking
Potions
 i - 2 potions of flight
 o - 5 potions of might
 p - a potion of berserk rage
 s - 7 potions of lignification
 v - a potion of ambrosia
 w - 7 potions of curing
 A - 4 potions of cancellation
 G - 2 potions of brilliance
 I - 6 potions of heal wounds
 K - 2 potions of magic
 M - a potion of mutation
 P - 4 potions of haste
 X - 2 potions of resistance
Miscellaneous
 F - a lightning rod (4/4)
 W - a phial of floods


   Skills:
 - Level 4.0 Fighting
 - Level 2.0 Short Blades
 - Level 2.0 Throwing
 - Level 6.0 Dodging
 - Level 4.8 Stealth
 + Level 21.2 Spellcasting
 + Level 17.4 Conjurations
 - Level 4.0 Hexes
 - Level 3.0 Translocations
 + Level 14.0 Fire Magic
 - Level 10.0 Ice Magic


You had 20 spell levels left.
You knew the following spells:

 Your Spells              Type           Power      Damage    Failure   Level
a - Ozocubu's Armour      Ice            89%        N/A       1%          3
b - Iskenderun's Mystic   Conj/Tloc      90%        2d18      1%          4
c - Fulminant Prism       Conj/Hex       46%        3d21      1%          4
d - Fireball              Conj/Fire      65%        3d25      1%          5
e - Orb of Destruction    Conj           55%        9d14      1%          7
f - Ozocubu's Refrigerat  Ice            44%        4d13      5%          7
g - Starburst             Conj/Fire      65%        6d17      1%          6

Your spell library contained the following spells:

 Spells                   Type           Power      Damage    Failure   Level
 Spellforged Servitor     Conj/Summ      42%        N/A       9%          7
 Magic Dart               Conj           100%       1d8       0%          1
 Scorch                   Fire           100%       2d10      0%          2
 Flame Wave               Conj/Fire      100%       2d17      0%          4
 Necrotise                Necr           100%       1d9       1%          1
 Sandblast                Erth           86%        2d18      1%          1
 Call Imp                 Summ           43%        N/A       1%          2
 Passwall                 Tmut/Erth      35%        N/A       1%          2
 Mephitic Cloud           Conj/Pois/Air  74%        N/A       1%          3
 Stone Arrow              Conj/Erth      100%       3d13      1%          3
 Hailstorm                Conj/Ice       100%       3d20      1%          4
 Ice Form                 Ice/Tmut       70%        N/A       1%          4
 Iskenderun's Battlesphe  Conj           100%       2d15      1%          5
 Conjure Ball Lightning   Conj/Air       42%        3x3d15    1%          6
 Vampiric Draining        Necr           43%        2d9       4%          3
 Lee's Rapid Deconstruct  Erth           21%        3d13*     11%         5
 Simulacrum               Ice/Necr       35%        N/A       26%         6
 Agony                    Necr           43%        N/A       36%         5
 Summon Cactus Giant      Summ           21%        N/A       91%         6


Dungeon Overview and Level Annotations

Branches:
Dungeon (12/15)            Temple (1/1) D:4            Lair (6/6) D:9
 Spider (0/4) Lair:3        Slime (0/5) Lair:6          Orc (2/2) D:11
    Elf (3/3) Orc:2
  Swamp: Lair:2-4    Shoals: Lair:2-4

Altars:
Ashenzari
Cheibriados
Dithmenos
Elyvilon
Fedhas
Gozag
Hepliaklqana
Kikubaaqudgha
Makhleb
Nemelex Xobeh
Okawaru
Qazlal
Ru
Sif Muna
Trog
Uskayaw
Vehumet
Wu Jian
Xom
Yredelemnul
Zin
The Shining One

Shops:
Orc:2 (:*(**   Elf:1 *?:[

Annotations:
D:4 1 runed translucent door, Dawnplanks's ghost, amateur DgGl
D:5 1 runed translucent door, Crazy Yiuf
D:7 1 transporter, Dega's ghost, novice SpHu
Orc:2 3 runed translucent doors, nightwisher's ghost, journeyman GnWn


Message History

You feel a surge of power!
The heat is drained from your surroundings.
You feel very cold.
The deep elf demonologist and the deep elf master archer are frozen.
The deep elf demonologist is heavily wounded.
The deep elf master archer shouts!
The deep elf master archer is heavily wounded.
The deep elf master archer wields a +0 longbow.
The deep elf master archer shoots an arrow.
The arrow hits you!!
The deep elf demonologist gestures wildly while chanting.
You hear a shout!
Casting: Ozocubu's Refrigeration (dangerous; 5% risk of failure)
Confirm with . or Enter, or press ? or * to list all spells.
Aiming: Fireball (safe; 1% risk of failure)
Press: ? - help, Shift-Dir - straight line, f - deep elf master archer
Aim: a deep elf master archer, wielding a +0 longbow and wearing a +0 leather armour (moderately wounded)
You feel a strong surge of power!
The fireball explodes!
The fireball engulfs the deep elf master archer!!!
You kill the deep elf master archer!
Vehumet accepts your kill.
You feel your power returning.
The fireball engulfs the deep elf demonologist!!
The deep elf demonologist is almost dead.
A deep elf sorcerer comes into view. It is wielding a +0 long sword.
The deep elf demonologist mumbles some strange words.
Casting: Fireball (safe; 1% risk of failure)
Confirm with . or Enter, or press ? or * to list all spells.
You feel a surge of power!
The heat is drained from your surroundings.
You feel very cold. The monsters around you are frozen!
The sun demon is frozen!
The sun demon is almost dead.
The deep elf sorcerer is almost dead.
You kill the deep elf demonologist!
Vehumet accepts your kill.
You feel your power returning.
The sun demon disappears in a puff of smoke!
The deep elf sorcerer gestures at you while chanting.
The sphere of damnation explodes!
The damnation engulfs you!!!
You die...

.###### ##'# [# #.# ## #.# #.#
#.# #.# ######.# #....).#
#.@.##.# ##.##### ****...****
***,,#.).#,,***
***,,,,#.))#,,,,***
***,,,,,*##)##*,,,,,***
###***,,,,,***,))e,***,,,,,***
.'#*,,,,,***,,,)ยง),,,***,,,,,*
###*,,,***,,,,,,,,,,,,,***,,,*


You could see a deep elf sorcerer (empowered).

Vanquished Creatures
  3 deep elf master archers (Elf:3)
  The ghost of Dega the Merry Spriggan, an adept SpHu of Dithmenos (Elf:3)
  3 deep elf sorcerers (Elf:3)
  4 deep elf elementalists (Elf:3)
  2 deep elf demonologists (Elf:3)
  2 deep elf annihilators (Elf:3)
  Azrael (Orc:2)
  Snorg (D:11)
  3 deep elf death magi (Elf:3)
  6 deep elf high priests (Elf:3)
  10 hydras
  A catoblepas (Lair:5)
  A merfolk avatar (Lair:6)
  3 two-headed ogres (D:10)
  10 dancing weapons
  Urug (Lair:4)
  9 deep elf knights
  8 deep elf archers
  3 orc knights
  A bog body (Lair:3)
  A harpy (shapeshifter) (Elf:1)
  13 deep elf pyromancers
  17 deep elf zephyrmancers
  A necromancer (Lair:2)
  3 orc sorcerers (Orc:2)
  2 oklob plants
  13 elephants
  A manticore (Lair:6)
  Joseph (D:8)
  9 black mambas
  4 orange demons (D:10)
  16 cane toads
  A kobold demonologist (D:10)
  4 rime drakes
  Psyche (D:8)
  13 komodo dragons
  An unseen horror (D:11)
  A red devil (D:10)
  A troll (D:11)
  3 polar bears
  A meliai (Lair:3)
  A hornet (Lair:6)
  Prince Ribbit (D:5)
  2 wind drakes (Lair:6)
  Grinder (D:3)
  13 blink frogs
  6 dream sheep (Lair:5)
  A snapping turtle (Lair:6)
  A water elemental (Elf:3)
  2 vampires
  A yak (shapeshifter) (Elf:1)
  An air elemental (Elf:1)
  5 wyverns
  A wraith (D:9)
  42 yaks
  Grum (D:8)
  A fire elemental (Orc:2)
  4 basilisks
  A swamp worm (Lair:3)
  3 wargs
  Edmund (D:5)
  2 acid dragons (D:10)
  15 water moccasins
  6 hell hounds (Orc:2)
  Duvessa (D:5)
  4 black bears
  A sky beast (D:8)
  5 ogres
  16 orc warriors
  13 wolves
  4 centaurs
  A phantom (D:5)
  A kobold brigand (D:4)
  2 gnoll sergeants (D:9)
  15 bullfrogs
  2 earth elementals
  6 scorpions
  10 wights
  Dowan (D:5)
  3 killer bees (Lair:3)
  A vampire bat (D:3)
  2 howler monkeys
  2 electric eels
  3 hounds
  6 jellies
  15 orc priests
  A gnoll bouda (D:9)
  An iron imp (D:8)
  2 iguanas (D:5)
  23 orc wizards
  A yak simulacrum (Lair:2)
  4 polar bear simulacra (Lair:2)
  4 wolf simulacra (Lair:2)
  18 gnolls
  4 adders
  2 worms
  3 fire bats (D:3)
  46 orcs
  2 spectral bats (D:3)
  5 ball pythons
  11 bats
  3 bat skeletons (D:3)
  A bat zombie (D:3)
  5 endoplasms
  A giant cockroach (D:4)
  5 goblins
  4 hobgoblins
  6 kobolds
  4 quokkas
  A bat simulacrum (D:3)
  A frilled lizard (D:1)
  A rat (D:1)
  2 river rat simulacra (Lair:2)
  5 bushes (Lair:2)
572 creatures vanquished.

Vanquished Creatures (others)
  A deep elf zephyrmancer (Elf:2)
  Maggie (D:9)
  An orc (D:9)
  92 fulminant prisms
  56 fungi
  119 plants
270 creatures vanquished.

Grand Total: 842 creatures vanquished

Notes
Turn   | Place    | Note
-------+----------+-------------------------------------------
     0 | D:1      | PurpleRed the Deep Elf Brigand began the quest for the Orb.
     0 | D:1      | Reached XP level 1. HP: 12/12 MP: 3/3
   193 | D:1      | Reached skill level 1 in Spellcasting
   231 | D:3      | Reached XP level 2. HP: 17/17 MP: 4/6
   370 | D:3      | Reached skill level 2 in Spellcasting
   372 | D:3      | Found a broken altar of Ashenzari.
   400 | D:3      | Found a burning altar of Makhleb.
   400 | D:3      | Noticed an ice beast
   422 | D:2      | Reached XP level 3. HP: 12/21 MP: 8/8
   441 | D:2      | Learned a level 3 spell: Ozocubu's Armour
   606 | D:2      | Found a faded altar of an unknown god.
   766 | D:3      | Reached skill level 1 in Ice Magic
   770 | D:3      | Reached skill level 3 in Spellcasting
   774 | D:3      | Reached XP level 4. HP: 6/26 MP: 3/10
   995 | D:4      | Noticed an ogre
  1093 | D:3      | Noticed Grinder
  1100 | D:3      | Killed Grinder
  1101 | D:3      | Reached skill level 6 in Spellcasting
  1101 | D:3      | Reached XP level 5. HP: 21/30 MP: 10/15
  1101 | D:3      | Reached XP level 6. HP: 25/35 MP: 11/17
  1216 | D:3      | Reached skill level 7 in Spellcasting
  1446 | D:4      | Reached skill level 8 in Spellcasting
  1547 | D:4      | Learned a level 4 spell: Iskenderun's Mystic Blast
  1552 | D:4      | Learned a level 4 spell: Fulminant Prism
  1594 | D:4      | Reached XP level 7. HP: 32/40 MP: 20/20
  1606 | D:4      | Found a staircase to the Ecumenical Temple.
  1615 | Temple   | Entered the Ecumenical Temple
  1689 | Temple   | Became a worshipper of Vehumet
  1842 | D:4      | Reached skill level 1 in Conjurations
  1842 | D:4      | Reached skill level 1 in Hexes
  2068 | D:5      | Entered Level 5 of the Dungeon
  2209 | D:4      | Found a runed translucent door.
  2210 | D:4      | Noticed Dawnplanks's ghost (amateur DgGl)
  2308 | D:5      | Reached skill level 9 in Spellcasting
  2310 | D:5      | Reached * piety under Vehumet
  2310 | D:5      | Offered knowledge of Sandblast by Vehumet.
  2318 | D:5      | Reached XP level 8. HP: 28/44 MP: 23/23
  2372 | D:5      | Noticed Duvessa
  2381 | D:5      | Noticed Dowan
  2382 | D:5      | Killed Duvessa
  2383 | D:5      | Reached skill level 1 in Translocations
  2466 | D:5      | Found a basalt altar of Yredelemnul.
  2505 | D:5      | Killed Dowan
  2563 | D:5      | Noticed Prince Ribbit
  2604 | D:5      | Learned a level 5 spell: Fireball
  2627 | D:5      | Killed Prince Ribbit
  2628 | D:5      | Reached skill level 10 in Spellcasting
  2628 | D:5      | Reached skill level 5 in Conjurations
  2628 | D:5      | Reached skill level 1 in Fire Magic
  2698 | D:6      | Found an ancient bone altar of Kikubaaqudgha.
  2730 | D:5      | Noticed Edmund
  2740 | D:5      | Killed Edmund
  2844 | D:6      | Reached XP level 9. HP: 48/48 MP: 17/25
  2886 | D:5      | Found a runed translucent door.
  2887 | D:5      | Noticed Crazy Yiuf
  3330 | D:6      | Reached ** piety under Vehumet
  3330 | D:6      | Offered knowledge of Poisonous Vapours by Vehumet.
  3630 | D:7      | Found a transporter.
  3634 | D:7      | Noticed Dega's ghost (novice SpHu)
  3878 | D:8      | Noticed Joseph
  3891 | D:8      | Killed Joseph
  3892 | D:8      | Reached skill level 11 in Spellcasting
  3947 | D:8      | Found a snail-covered altar of Cheibriados.
  4006 | D:9      | Reached skill level 5 in Fire Magic
  4017 | D:9      | Offered knowledge of Ignite Poison by Vehumet.
  4027 | D:9      | Noticed Maggie
  4037 | D:9      | Your ally Maggie died
  4047 | D:9      | Reached *** piety under Vehumet
  4048 | D:9      | Reached XP level 10. HP: 47/53 MP: 1/27
  4175 | D:8      | Noticed Grum
  4179 | D:8      | Noticed Psyche
  4191 | D:8      | Offered knowledge of Olgreb's Toxic Radiance by Vehumet.
  4192 | D:8      | Killed Grum
  4193 | D:8      | Killed Psyche
  4393 | D:9      | Reached skill level 10 in Conjurations
  4446 | D:9      | Found a staircase to the Lair.
  4496 | D:9      | Learned a level 7 spell: Orb of Destruction
  4748 | D:10     | Entered Level 10 of the Dungeon
  4923 | D:11     | Reached skill level 12 in Spellcasting
  4968 | D:10     | Noticed a two-headed ogre
  4989 | D:10     | Killed a two-headed ogre
  4989 | D:10     | Reached **** piety under Vehumet
  5122 | D:10     | Noticed a two-headed ogre
  5132 | D:10     | Killed a two-headed ogre
  5137 | D:10     | Reached skill level 13 in Spellcasting
  5187 | D:10     | Found a shimmering blue altar of Sif Muna.
  5225 | D:10     | Noticed a two-headed ogre
  5238 | D:10     | Killed a two-headed ogre
  5239 | D:10     | Reached XP level 11. HP: 57/57 MP: 20/30
  5268 | D:10     | Offered knowledge of Airstrike by Vehumet.
  5294 | D:11     | Noticed Snorg
  5297 | D:11     | Killed Snorg
  5320 | D:10     | Identified the +7 short sword "Sepruoq" {drain, rPois rF+
                  | Stlth+}
  5528 | D:10     | Reached skill level 14 in Spellcasting
  5775 | D:11     | Reached ***** piety under Vehumet
  5779 | D:11     | Offered knowledge of Sticky Flame by Vehumet.
  5801 | D:11     | Found a staircase to the Orcish Mines.
  5885 | D:11     | Reached skill level 5 in Dodging
  6020 | Lair:1   | Entered Level 1 of the Lair of Beasts
  6095 | Lair:1   | Reached skill level 15 in Spellcasting
  6096 | Lair:1   | Upgraded the game from 0.29-a0-772-ga24da20 to
                  | 0.29-a0-813-g4a14ea3
  6364 | Lair:1   | Reached XP level 12. HP: 62/62 MP: 24/33
  6610 | Lair:1   | Identified the +2 ring mail of Ikkicham {Fly rC+}
  6743 | Lair:1   | HP: 3/62 [cane toad (9)]
  6748 | Lair:1   | HP: 2/62 [poisoned by a cane toad]
  6749 | Lair:1   | Noticed a five-headed hydra
  6757 | Lair:1   | Killed a five-headed hydra
  6874 | Lair:1   | Reached skill level 16 in Spellcasting
  7197 | Lair:2   | Learned a level 7 spell: Ozocubu's Refrigeration
  7223 | Lair:2   | Noticed a five-headed hydra
  7234 | Lair:2   | Killed a five-headed hydra
  7353 | Lair:3   | Noticed an eight-headed hydra
  7463 | Lair:3   | Killed an eight-headed hydra
  7464 | Lair:3   | Reached skill level 5 in Ice Magic
  7581 | Lair:3   | Found a hole to the Spider Nest.
  7724 | Lair:3   | Reached XP level 13. HP: 62/67 MP: 9/35
  8014 | Lair:4   | Noticed Urug
  8151 | Lair:4   | Reached skill level 17 in Spellcasting
  8317 | Lair:5   | Reached skill level 10 in Fire Magic
  8387 | Lair:6   | Entered Level 6 of the Lair of Beasts
  8440 | Lair:4   | Killed Urug
  8496 | Lair:4   | Identified the +2 robe "Efam" {Fly rC+ Slay+2}
  8567 | Lair:6   | Offered knowledge of Starburst by Vehumet.
  8568 | Lair:6   | Reached skill level 18 in Spellcasting
  8626 | Lair:5   | Learned a level 6 spell: Starburst
  8813 | Lair:6   | Reached skill level 10 in Ice Magic
  8813 | Lair:6   | Reached XP level 14. HP: 72/72 MP: 38/38
  8847 | Lair:6   | Found a staircase to the Slime Pits.
  8922 | Lair:6   | Reached skill level 15 in Conjurations
  8998 | Lair:6   | Found a sparkling altar of Nemelex Xobeh.
  9327 | Orc:1    | Entered Level 1 of the Orcish Mines
  9329 | Orc:1    | You are sucked into a shaft and drop 1 floor!
  9329 | Orc:2    | Entered Level 2 of the Orcish Mines
  9329 | Orc:2    | Found Lubybou's Weapon Boutique.
  9433 | Orc:2    | Found Jaef's Vocational Training.
  9493 | Orc:2    | Noticed nightwisher's ghost (journeyman GnWn)
  9502 | Orc:2    | Found a staircase to the Elven Halls.
  9520 | Orc:2    | Found a runed translucent gate.
  9520 | Orc:2    | Found a runed translucent gate.
  9520 | Orc:2    | Found a runed translucent gate.
  9642 | Orc:2    | Reached skill level 19 in Spellcasting
  9650 | Orc:2    | Noticed Azrael
  9717 | Orc:2    | Killed Azrael
  9954 | Orc:2    | Found Goerch's Assorted Antiques.
  9954 | Orc:2    | Found Koofraj's Assorted Antiques.
  9957 | Orc:2    | Found Oblicle's Assorted Antiques.
  9957 | Orc:2    | Found Vicufedyu's Weapon Emporium.
  9980 | Orc:2    | Bought a bubbling orange potion for 31 gold pieces
  9984 | Orc:2    | Bought a runed cloak for 240 gold pieces
 10006 | Orc:2    | Bought 2 scrolls of blinking for 330 gold pieces
 10006 | Orc:2    | Bought a scroll of teleportation for 66 gold pieces
 10039 | Elf:1    | Entered Level 1 of the Elven Halls
 10085 | Elf:1    | Identified the ring "Belioc" {Contam rElec rC+ Int+3 Dex+2}
 10169 | Elf:1    | Found Donwaz's Magic Scroll Emporium.
 10171 | Elf:1    | Found Xeoklime's General Store.
 10194 | Elf:1    | Bought a scroll of magic mapping for 49 gold pieces
 10207 | Elf:1    | Bought a scroll of blinking for 90 gold pieces
 10250 | Elf:1    | Found Earendil's Dragon-Slaying Spoils.
 10402 | Elf:1    | Found Nichossi's Book Shoppe.
 10485 | Elf:1    | Paralysed by an air elemental for 1 turns
 10642 | Elf:2    | Reached skill level 20 in Spellcasting
 10647 | Elf:2    | Reached XP level 15. HP: 76/76 MP: 31/41
 10662 | Elf:3    | Entered Level 3 of the Elven Halls
 10662 | Elf:3    | Found a runed translucent door.
 10670 | Elf:3    | Noticed Dega's ghost (adept SpHu)
 10676 | Elf:3    | Killed Dega's ghost
 10784 | Elf:3    | Offered knowledge of Spellforged Servitor by Vehumet.
 11350 | Elf:1    | Found a radiant altar of Vehumet.
 11428 | Elf:3    | Noticed a deep elf sorcerer
 11432 | Elf:3    | Killed a deep elf sorcerer
 11437 | Elf:3    | Noticed a deep elf sorcerer
 11439 | Elf:3    | Killed a deep elf sorcerer
 11440 | Elf:3    | Reached skill level 21 in Spellcasting
 11441 | Elf:3    | Noticed a deep elf master archer
 11444 | Elf:3    | Noticed a deep elf sorcerer
 11444 | Elf:3    | Noticed a deep elf master archer
 11445 | Elf:3    | Killed a deep elf master archer
 11447 | Elf:3    | Killed a deep elf master archer
 11448 | Elf:3    | Killed a deep elf sorcerer
 11449 | Elf:3    | Noticed a deep elf master archer
 11451 | Elf:3    | Killed a deep elf master archer
 11451 | Elf:3    | Noticed a deep elf sorcerer
 11452 | Elf:3    | Killed from afar by a deep elf sorcerer

Illustrated notes

Levels and vault maps discovered:
D:1:      erik_arrival_triangle_huge, layout_basic, serial_shops,
          nicolae_shop_advertising_works [nicolae_subvault_shop_adworks]
D:2:      layout_loops_ring, basic_ecumenical_altar, uniq_terence
D:3:      layout_basic, mainiacjoe_overflow_two_lobes, goddamned_bats,
          uniq_grinder
D:4:      layout_loops_ring, temple_statues, ebering_ghost_inner_flame,
          roderic_batcave, chequers_serial_rivers_room_b
D:5:      layout_cave_pools, amcnicky_altar_gilded, uniq_crazy_yiuf_cottage,
          uniq_edmund, uniq_prince_ribbit1, uniq_duvessa
D:6:      layout_basic, lemuel_crystal_altar, hellmonk_bongcloud_opening
D:7:      layout_layer_cave, gammafunk_ghost_stat_death,
          nicolae_concentric_dashed_squares_wild, minmay_starry_boxes
D:8:      layout_basic, slow_altar_1, uniq_psyche, uniq_joseph, uniq_grum
D:9:      layout_basic, grunt_lair_entry_orc_guard_hut, uniq_maggie
D:10:     layout_stronghold, mainiacjoe_overflow_paths, minivault_27,
          minmay_beelzebubs_servants
D:11:     layout_cave_pools, david_orc_4, tgw_xom, uniq_snorg
D:12:     layout_rooms
Temple:   minmay_temple_bridge_d
Lair:1:   wad_woods_structure_01, layout_regular_city, serial_bayou_lagoon_a,
          wad_woods_river_03, chequers_serial_rivers_micro_b
Lair:2:   layout_regular_city, minmay_holes, minmay_lair_oklob_bushes,
          eino_house_with_fridge, grunt_megastairs_2
Lair:3:   layout_hall_layers, nicolae_swamp_entry_splash_gauntlet,
          hellmonk_spider_entry_not_the_bees, grunt_megastairs_1,
          serial_bayou_shore_b
Lair:4:   layout_long_grid, uniq_urug
Lair:5:   layout_hall_layers, lemuel_centaur_altar, grunt_megastairs_3
Lair:6:   gammafunk_lair_ancient_temple, layout_hall_layers,
          nicolae_slime_entry_slimehenge, serial_rivers,
          chequers_serial_rivers_small_3, chequers_serial_rivers_small_a,
          chequers_serial_rivers_small_b, chequers_serial_rivers_micro_d,
          chequers_serial_rivers_large_b, basic_altar, minivault_26
Orc:1:    layout_caves
Orc:2:    st_orc_elflike, layout_caves, maelrawn_ghost_gauntlet_escape,
          serial_shops, nicolae_lakefront_shop, nicolae_shop_vocational,
          uniq_azrael
Elf:1:    layout_loops_corners, serial_shops, shop, shop, shop,
          nicolae_diamond_shop, shop, hangedman_elf_represent, st_stairs_11,
          palyth_stone_intersect, nicolae_shop_dragon_depot,
          lemuel_upstairs_altar
Elf:2:    nicolae_elf_blades_crystal_corner, layout_onion_city,
          ebering_dispersal_statue_hall
Elf:3:    minmay_elf_hall_not_hex, layout_gridlike,
          ebering_ghost_reflecting_pool, grunt_ministairs_10

Skill      XL: |  1  2  3  4  5  6  7  8  9 10 11 12 13 14 15 |
---------------+----------------------------------------------+-----
Spellcasting   | 1 2 3 6 8 9 10 11 13 15 16 18 20 21 | 21.2
Fighting       | 2 4 |  4.0
Ice Magic      | 2 3 6 10 | 10.0
Conjurations   | 3 6 9 11 13 14 16 17 | 17.4
Hexes          | 4 |  4.0
Translocations | 3 |  3.0
Fire Magic     | 2 5 6 8 10 12 14 | 14.0
Dodging        | 3 6 |  6.0
Short Blades   | |  2.0
Throwing       | |  2.0
Stealth        | |  4.8

Action                   |  1- 3 |  4- 6 |  7- 9 | 10-12 | 13-15 || total
-------------------------+-------+-------+-------+-------+-------++-------
Melee: Dagger            |    41 |    86 |   125 |       |       ||   252
       Punch             |     1 |     3 |     1 |     3 |     3 ||    11
       Short sword       |       |       |     2 |   189 |   186 ||   377
       Staff             |       |       |       |    11 |    11 ||    22
Throw: Dart              |     8 |     6 |    59 |    11 |     6 ||    90
       Throwing net      |       |       |     1 |       |     3 ||     4
       Javelin           |       |       |       |     1 |       ||     1
 Cast: Ozocubu's Armour  |       |     8 |    15 |     3 |     1 ||    27
       Fulminant Prism   |       |       |    43 |    35 |    14 ||    92
       Iskenderun's Myst |       |       |     6 |    42 |    30 ||    78
       Fireball          |       |       |     5 |    73 |   107 ||   185
       Orb of Destructio |       |       |       |     1 |       ||     1
       Ozocubu's Refrige |       |       |       |       |    41 ||    41
       Starburst         |       |       |       |       |    32 ||    32
Evoke: Wand              |       |       |    19 |    46 |    16 ||    81
       Phial of floods   |       |       |       |       |     1 ||     1
       Piece from Xom's  |       |       |       |       |     1 ||     1
  Use: Scroll            |       |     6 |    12 |    11 |     9 ||    38
       Potion            |       |       |     1 |     2 |     1 ||     4
 Stab: Sleeping          |    11 |     5 |     1 |     4 |     1 ||    22
       Distracted        |       |       |       |       |     1 ||     1
Armor: Robe              |     4 |    89 |    31 |    24 |    66 ||   214
Dodge: Dodged            |    15 |   138 |    52 |   174 |   186 ||   565

Table legend: (Time is in decaauts)
 A = Elapsed time spent in this place.
 B = Non-inter-level travel time spent in this place.
 C = Inter-level travel time spent in this place.
 D = Time resting spent in this place.
 E = Time spent auto-exploring this place.
 F = Levels seen in this place.
 G = Mean time per level.
                   A        B        C        D        E       F      G
               +--------+--------+--------+--------+--------+-----+--------+
         Total |  11548 |  11121 |    427 |      0 |      0 |  24 |  481.2 |
       Dungeon |   6064 |   5890 |    174 |      0 |      0 |  12 |  505.3 |
        Temple |    147 |     11 |    136 |      0 |      0 |   1 |  147.0 |
          Lair |   3183 |   3101 |     82 |      0 |      0 |   6 |  530.5 |
  Orcish Mines |    727 |    692 |     35 |      0 |      0 |   2 |  363.5 |
   Elven Halls |   1425 |   1425 |      0 |      0 |      0 |   3 |  475.0 |
               +--------+--------+--------+--------+--------+-----+--------+

Top non-repeatable levels by time:
     D:4: 885 daAuts
  Lair:1: 852 daAuts
    D:10: 808 daAuts
     D:3: 779 daAuts
     D:9: 696 daAuts
     D:8: 620 daAuts
   Elf:3: 619 daAuts
  Lair:3: 615 daAuts
  Lair:2: 598 daAuts
     D:5: 592 daAuts
   Orc:2: 591 daAuts
     D:6: 517 daAuts
   Elf:1: 507 daAuts
  Lair:6: 395 daAuts
  Lair:5: 394 daAuts
